 Dungeon Crawl Stone Soup version 0.29-a0-297-g7659ce593d (webtiles) character file.

Game seed: 13121872254377936825

5576 Argons the Destroyer (level 10, -3/73 HPs)
             Began as a Red Draconian Conjurer on Mar 20, 2022.
             Was a Believer of Vehumet.
             Slain by a yak (8 damage)
             ... on level 1 of the Lair of Beasts.
             The game lasted 00:54:23 (11915 turns).

Argons the Destroyer (Red Draconian Conjurer)      Turns: 11915, Time: 00:54:23

Health: -3/73      AC: 10    Str:  9    XL:     10   Next: 44%
Magic:  11/16      EV: 12    Int: 32    God:    Vehumet [**....]
Gold:   495        SH: 10    Dex:  9    Spells: 11/18 levels left

rFire   + . .      SeeInvis .   i - +1 dagger (venom)
rCold   . . .      Faith    .   p - +0 buckler
rNeg    . . .      Spirit   .   (body armour unavailable)
rPois   +          Reflect  +   (helmet restricted)
rElec   .          Harm     .   (no cloak)
rCorr   .          Rampage  .   B - +2 pair of gloves of Starshine {Int+8}
Will    .....                   (no boots)
Stlth   ++........              c - amulet of reflection
HPRegen 0.22/turn               E - ring of poison resistance
MPRegen 0.15/turn               (no ring)

@: short of breath
A: breathe fire, AC +7, unfitting armour, fire resistance 1, cold-blooded
a: Breathe Fire, Renounce Religion


You were on level 1 of the Lair of Beasts.
You worshipped Vehumet.
Vehumet was pleased with you.
You visited 3 branches of the dungeon, and saw 11 of its levels.

You collected 495 gold pieces.

Inventory:

Hand Weapons
 i - a +1 dagger of venom (weapon)
Missiles
 k - 17 poisoned darts (quivered)
 C - 3 silver javelins
Armour
 p - a +0 buckler (worn)
 B - the +2 pair of gloves of Starshine (worn) {Int+8}
   (You found it on level 8 of the Dungeon)

   Int:       It affects your intelligence (+8).
Jewellery
 c - an amulet of reflection (around neck)
 f - a ring of fire
 E - a ring of poison resistance (left hand)
Wands
 g - a wand of flame (20)
Scrolls
 e - 2 scrolls of blinking
 m - a scroll of torment {unknown}
 o - 2 scrolls of magic mapping {unknown}
 q - a scroll of acquirement {unknown}
 s - 2 scrolls of summoning
 t - 2 scrolls of noise {unknown}
 u - 2 scrolls of amnesia {unknown}
 v - 3 scrolls of teleportation
 w - 2 scrolls of enchant armour {unknown}
 x - a scroll of silence {unknown}
 y - 4 scrolls of fog {unknown}
 z - a scroll of enchant weapon {unknown}
 D - a scroll of holy word {unknown}
 F - a scroll of vulnerability {unknown}
Potions
 a - 2 potions of magic
 b - a potion of ambrosia
 d - a potion of resistance
 h - 4 potions of lignification
 j - 6 potions of curing
 l - a potion of brilliance
 n - a potion of attraction
 r - 2 potions of heal wounds
 A - a potion of mutation


   Skills:
 + Level 2.2 Fighting
 - Level 5.4 Dodging
 - Level 1.7 Stealth
 - Level 7.3 Shields
 + Level 4.6 Spellcasting
 + Level 11.0 Conjurations
 - Level 5.0 Translocations


You had 11 spell levels left.
You knew the following spells:

 Your Spells              Type           Power      Damage    Failure   Level
a - Magic Dart            Conj           100%       1d8       1%          1
b - Searing Ray           Conj           100%       2d8       1%          2
c - Iskenderun's Mystic   Conj/Tloc      56%        2d12      2%          4

Your spell library contained the following spells:

 Spells                   Type           Power      Damage    Failure   Level
 Foxfire                  Conj/Fire      100%       2x1d9     1%          1
 Shock                    Conj/Air       100%       1d9       1%          1
 Dazzling Flash           Conj/Hex       84%        N/A       1%          3
 Pain                     Necr           28%        1d5       7%          1
 Portal Projectile        Hex/Tloc       46%        N/A       7%          3
 Fulminant Prism          Conj/Hex       21%        3d13      7%          4
 Call Canine Familiar     Summ           7%         N/A       21%         3
 Swiftness                Air            7%         N/A       21%         3
 Airstrike                Air            3%         N/A       54%         4
 Leda's Liquefaction      Hex/Erth       3%         N/A       54%         4
 Agony                    Necr           7%         N/A       88%         5
 Excruciating Wounds      Necr           3%         N/A       88%         5
 Chain Lightning          Conj/Air       21%        3d28      100%        9
 Fire Storm               Conj/Fire      21%        8d5       100%        9
 Shatter                  Erth           3%         3d7*      100%        9


Dungeon Overview and Level Annotations

Branches:
Dungeon (9/15)             Temple (1/1) D:4            Lair (1/6) D:8
    Orc (0/2) D:9

Altars:
Ashenzari
Elyvilon
Fedhas
Gozag
Hepliaklqana
Nemelex Xobeh
Okawaru
Vehumet
Xom
The Shining One


Innate Abilities, Weirdness & Mutations

You can breathe blasts of fire.
Your fiery red scales are hard. (AC +7)
You cannot fit into any form of body armour.
Your flesh is heat resistant. (rF+)
You are cold-blooded and may be slowed by cold attacks.


Message History

The komodo dragon is almost dead.
The searing ray hits the yak.
The yak is moderately wounded.
You have got your breath back.
You block the komodo dragon's attack.
The searing ray hits the komodo dragon.
The komodo dragon is almost dead.
The searing ray hits the yak!
The yak is heavily wounded.
The searing ray hits the komodo dragon.
The komodo dragon is moderately wounded.
You finish channelling your searing ray.
The komodo dragon bites you!
The komodo dragon attacks as you move away!
The komodo dragon bites you.
Aiming: Breathe Fire (3% risk of failure)
Press: ? - help, Shift-Dir - straight line, f/p - komodo dragon
Aim: a komodo dragon (almost dead, 77% to hit)
You breathe a blast of fire.
The fiery breath hits the komodo dragon.
You kill the komodo dragon!
Vehumet accepts your kill.
You feel your power returning.
The fiery breath hits the yak!
The yak is heavily wounded.
The fiery breath hits the komodo dragon!
The komodo dragon is heavily wounded.
You hear an angry hiss.
A black mamba comes into view.
Your Fighting skill increases to level 2!
The yak attacks as you move away! The yak gores you but does no damage.
The yak attacks as you move away! You block the yak's attack.
The yak attacks as you move away! The yak gores you!
* * * LOW HITPOINT WARNING * * *
The black mamba attacks as you move away!
The black mamba bites you!
* * * LOW HITPOINT WARNING * * *
The black mamba bites you.
* * * LOW HITPOINT WARNING * * *
The yak attacks as you move away! The yak gores you!
You die...

..#####..##.............#..#
.##P....###....P........#..#
.P##....###....#........#..###.##
.####.P..##....#........#<.......
.# ##.#†##.....#........#..##....
.###..#.###....#.......†#..## .
)..............#.+##PP#.P...#
...............Y...........##
..............lS@...............
################.######.########
### ###


You could see a komodo dragon, a black mamba and a yak.

Vanquished Creatures
  A cane toad (Lair:1)
  A komodo dragon (Lair:1)
  A troll (D:7)
  Grinder (D:4)
  A wyvern (D:9)
  A warg (D:9)
  Edmund (D:5)
  4 orc warriors
  4 sky beasts
  2 ogres (D:6)
  4 centaurs
  A phantom (D:6)
  A kobold brigand (D:7)
  5 bullfrogs
  A gnoll sergeant (D:8)
  A scorpion (D:4)
  13 wights
  11 killer bees
  6 howler monkeys
  4 crimson imps (D:4)
  A gnoll shaman (D:5)
  2 jellies
  6 hounds
  6 orc priests
  An iguana (D:5)
  Natasha (thrice) (D:2)
  7 orc wizards
  10 gnolls
  6 adders
  A shadow imp (D:6)
  2 white imps
  2 ufetubi (D:6)
  A worm (D:4)
  A dart slug (D:4)
  19 orcs
  3 bats
  6 endoplasms
  4 giant cockroaches
  7 goblins
  7 hobgoblins
  3 jackals (D:3)
  4 quokkas
  7 ball pythons
  4 frilled lizards
  6 kobolds
  6 rats
189 creatures vanquished.

Vanquished Creatures (others)
  2 fungi (Lair:1)
2 creatures vanquished.

Grand Total: 191 creatures vanquished

Notes
Turn   | Place    | Note
-------+----------+-------------------------------------------
     0 | D:1      | Argons the Draconian Conjurer began the quest for the Orb.
     0 | D:1      | Reached XP level 1. HP: 14/14 MP: 3/3
   249 | D:1      | Reached XP level 2. HP: 20/20 MP: 3/5
   397 | D:1      | Learned a level 2 spell: Searing Ray
   948 | D:1      | Reached skill level 5 in Conjurations
   948 | D:1      | Reached XP level 3. HP: 17/26 MP: 0/6
  1581 | D:2      | Found an iron altar of Okawaru.
  1670 | D:2      | Noticed Natasha
  1675 | D:2      | Killed Natasha
  1676 | D:2      | Reached XP level 4. HP: 24/33 MP: 1/7
  2330 | D:2      | Noticed Natasha
  2369 | D:2      | Killed Natasha
  2370 | D:2      | Reached skill level 6 in Conjurations
  2615 | D:2      | Noticed Natasha
  2618 | D:2      | Killed Natasha
  2820 | D:3      | Reached XP level 5. HP: 38/38 MP: 0/8
  3237 | D:3      | Found a faded altar of an unknown god.
  3328 | D:3      | You fall into a shaft and drop 1 floor!
  3570 | D:4      | Noticed Grinder
  3632 | D:4      | Found a shimmering altar of Xom.
  3633 | D:4      | Noticed a centaur
  3643 | D:4      | Paralysed by Grinder for 3 turns
  3646 | D:4      | Found a staircase to the Ecumenical Temple.
  3652 | D:5      | Entered Level 5 of the Dungeon
  4201 | D:5      | Found a white marble altar of Elyvilon.
  4248 | D:5      | Reached XP level 6. HP: 45/45 MP: 5/10
  4635 | D:5      | Reached skill level 7 in Conjurations
  4650 | D:5      | Noticed Edmund
  4757 | D:5      | Killed Edmund
  5195 | D:6      | Noticed a sky beast
  5216 | D:6      | Your scales start taking on a fiery red colour.
  5216 | D:6      | Reached XP level 7. HP: 50/50 MP: 5/13
  5216 | D:6      | Gained mutation: Your flesh is heat resistant. (rF+) [Red
                  | Draconian growth]
  5297 | D:6      | Reached skill level 1 in Shields
  5431 | D:6      | Found an iron altar of Okawaru.
  5634 | D:6      | Reached skill level 8 in Conjurations
  6022 | D:6      | Reached XP level 8. HP: 57/57 MP: 11/14
  6217 | D:4      | Paralysed by Grinder for 7 turns
  6227 | D:4      | Paralysed by Grinder for 2 turns
  6230 | D:4      | Killed Grinder
  6327 | D:4      | Reached skill level 9 in Conjurations
  6395 | Temple   | Entered the Ecumenical Temple
  6414 | Temple   | Became a worshipper of Vehumet
  6453 | D:4      | Reached skill level 5 in Shields
  6703 | D:7      | Noticed a troll
  6776 | D:7      | Found a sparkling altar of Nemelex Xobeh.
  7222 | D:7      | Reached XP level 9. HP: 62/62 MP: 12/15
  7236 | D:7      | Reached skill level 10 in Conjurations
  7497 | D:7      | Killed a troll
  7549 | D:7      | Reached * piety under Vehumet
  7549 | D:7      | Offered knowledge of Sandblast by Vehumet.
  8444 | D:8      | Learned a level 4 spell: Iskenderun's Mystic Blast
  8503 | D:8      | Found a hazy altar of Hepliaklqana.
  8570 | D:8      | Reached skill level 1 in Translocations
  8958 | D:8      | Found a broken altar of Ashenzari.
  8958 | D:8      | Found a blossoming altar of Fedhas.
  9830 | D:8      | Found a staircase to the Lair.
  9833 | D:8      | Identified the +2 pair of gloves of Starshine {Int+8}
 10113 | D:9      | Reached ** piety under Vehumet
 10274 | D:9      | Offered knowledge of Foxfire by Vehumet.
 10277 | D:9      | Reached XP level 10. HP: 33/69 MP: 9/16
 10603 | D:9      | Noticed a tengu warrior
 10636 | D:9      | Reached skill level 5 in Dodging
 10876 | D:9      | Found a staircase to the Orcish Mines.
 11187 | D:9      | Found an opulent altar of Gozag.
 11260 | D:9      | Found a glowing golden altar of the Shining One.
 11294 | D:9      | Reached skill level 5 in Translocations
 11374 | D:9      | Identified the +5 whip of Rokiuk {speed, Stlth+}
 11706 | Lair:1   | Entered Level 1 of the Lair of Beasts
 11777 | Lair:1   | Noticed a cane toad
 11789 | Lair:1   | Killed a cane toad
 11790 | Lair:1   | Reached skill level 1 in Fighting
 11790 | Lair:1   | Reached skill level 11 in Conjurations
 11905 | Lair:1   | Noticed a black mamba
 11915 | Lair:1   | Slain by a yak

Illustrated notes

Levels and vault maps discovered:
D:1:      dpeg_arrival_rooms_c, layout_basic
D:2:      layout_basic, basic_altar, chequers_serial_rivers_large_b,
          hangedman_decor_riveting, uniq_natasha
D:3:      layout_loops_cross, ebering_ecumenical_altar_petrified
D:4:      layout_rooms, led_xom_imps, minmay_temple_entry_trees, uniq_grinder
D:5:      layout_rooms, lemuel_coloured_pillars_altar,
          ebering_dispersal_statue_hall, uniq_edmund
D:6:      layout_basic, mainiacjoe_overflow_24_doors
D:7:      layout_cave_pods, mainiacjoe_overflow_cross_hatched,
          kennysheep_generic_room_14
D:8:      layout_layer_cave, nzn_hepliaklqana_mist_gate,
          gammafunk_temple_overflow_wave, lair_entry_dummy
D:9:      layout_roguey, overflow_temple_1_default, lemuel_crystal_altar,
          david_orc_1_choice, nicolae_underground_beach
Temple:   grunt_temple_mini_profane
Lair:1:   layout_regular_city, infiniplex_staircase_pool

Skill      XL: |  1  2  3  4  5  6  7  8  9 10 |
---------------+-------------------------------+-----
Conjurations   | 5 6 7 8 9 10 11 | 11.0
Spellcasting   | 3 4 |  4.6
Shields        | 3 6 7 |  7.3
Dodging        | 4 5 |  5.4
Translocations | 3 5 |  5.0
Fighting       | 2 |  2.2
Stealth        | |  1.7

Action                   |  1- 3 |  4- 6 |  7- 9 | 10-12 || total
-------------------------+-------+-------+-------+-------++-------
Melee: Dagger            |    18 |     8 |    16 |    11 ||    53
       Tailslap          |       |       |     4 |     1 ||     5
Throw: Dart              |       |     2 |     7 |       ||     9
 Cast: Magic Dart        |    71 |    75 |   119 |    38 ||   303
       Searing Ray       |       |     7 |    33 |    12 ||    52
 Abil: Breathe Fire      |       |       |    31 |    10 ||    41
Evoke: Wand              |       |     8 |       |       ||     8
  Use: Scroll            |     5 |     2 |     4 |     2 ||    13
Armor: Skin              |     4 |    11 |    32 |    10 ||    57
Dodge: Dodged            |    18 |    31 |    43 |    28 ||   120
Block: Other             |       |    13 |     9 |       ||    22
       Reflection        |       |       |     5 |     1 ||     6
       Buckler           |       |       |    39 |    16 ||    55

Table legend: (Time is in decaauts)
 A = Elapsed time spent in this place.
 B = Non-inter-level travel time spent in this place.
 C = Inter-level travel time spent in this place.
 D = Time resting spent in this place.
 E = Time spent auto-exploring this place.
 F = Levels seen in this place.
 G = Mean time per level.
                   A        B        C        D        E       F      G
               +--------+--------+--------+--------+--------+-----+--------+
         Total |  11987 |  11542 |    445 |   4333 |   2222 |  11 | 1089.7 |
       Dungeon |  11746 |  11301 |    445 |   4224 |   2208 |   9 | 1305.1 |
        Temple |     31 |     31 |      0 |      0 |     14 |   1 |   31.0 |
          Lair |    208 |    208 |      0 |    109 |      0 |   1 |  208.0 |
               +--------+--------+--------+--------+--------+-----+--------+

Top non-repeatable levels by time:
     D:7: 1776 daAuts
     D:8: 1635 daAuts
     D:2: 1583 daAuts
     D:9: 1569 daAuts
     D:5: 1476 daAuts
     D:1: 1151 daAuts
     D:6: 1126 daAuts
     D:3: 829 daAuts
     D:4: 599 daAuts
  Lair:1: 208 daAuts
  Temple: 31 daAuts
